Workbook
Name Feiertage: [1]Berechnung!$A$4:$A$17

Sheet Kurzanleitung
A1: Richtlinie zur Jugendförderung im Landkreis Ostprignitz-Ruppin: Fördersäule I
A6: Kurzanleitung zum Verwendungsnachweis
A8: Die Finanzierung der Personalstellen erfolgt zum einem über die (anteilige) Landesförderung des "Programms zur
A9: Förderung von Personalkosten von sozialpädagogischen Fachkräften in der Jugendarbeit und Jugendsozialarbeit und
A10: Schulsozialarbeit/Sozialarbeit an Schule" (PKP) und zum anderen über kreisliche Mittel.
A12: Im Rahmen des Verwendungsnachweises ist nach der Art der Förderung zu unterscheiden. Die Abrechnung des
A13: PKP-Anteils erfolgt im 3. Tabellenblatt. Die Abrechnung der kreislichen oder anderweitigen Förderung (Startchancen)
A14: erfolgt im 4. Tabellenblatt. Zu welchen Anteilen die Stelle gefördert wird, ist dem entsprechenden Zuwendungsbescheid
A15: oder dem Jugendförderplan zu entnehmen.
A17: Die manuelle Personalkostenaufstellung je Fachkraft stellt die Grundlage für das Ausfüllen des Verwendungs-
A18: nachweises mit seinen 6 Tabellenblättern dar.
A20: 1. Tabellenblatt: | B20: Deckblatt des Verwendungsnachweises (5 Seiten)
A21: Ø | B21: nur die grau markierten Positionen sind auszufüllen
B22: alles Weitere wird automatisch durch das Ausfüllen der Tabellenblätter 2 und 3 befüllt
A23: Ø | B23: Anlagen gemäß Punkt 5 sind vollständig einzureichen
A24: Ø | B24: Minderausgaben sind selbständig zu ermitteln, schriftlich anzuzeigen und unverzüglich an den
B25: Landkreis OPR zu überweisen
A26: Ø | B26: Ort, Datum und Rechtsverbindliche Unterschrift
A28: 2. Tabellenblatt: | B28: Abrechnung für den Anteil am Personalkostenprogramm (2 Seiten)
A29: Ø | B29: nur die grau markierten Positionen sind auszufüllen
B30: alles Weitere wird automatisch durch das Ausfüllen der Tabellenblätter 1 und 2 befüllt
A31: Ø | B31: Datum, Unterschrift und Stempel
A33: 3. Tabellenblatt: | B33: Abrechnung für den Anteil aus sonstigen Förderungen (2 Seiten)
B34: (z.B.: zusätzliche Kreismittel, Startchancenprogramm etc.)
A35: Ø | B35: nur die grau markierten Positionen sind auszufüllen
B36: alles Weitere wird automatisch durch das Ausfüllen der Tabellenblätter 1 und 3 befüllt
A37: Ø | B37: Datum, Unterschrift und Stempel
A39: 4. Tabellenblatt: | B39: Abrechnung der Sachkostenpauschale
A40: Ø | B40: nur die grau markierten Positionen sind auszufüllen
A41: Ø | B41: je Fachkraft ist ein Abrechnungsformular auszufüllen
A42: Ø | B42: bei mehreren Fachkräften in einem Aktenzeichen ist die Summe aller Fachkräfte im Deckblatt des
B43: Verwendungsnachweises (1. Tabellenblatt) einzutragen
A44: Ø | B44: Minderausgaben entstehen bei Abwesenheitszeiten (krank > 6 Wochen, Mutterschutz, Elternschutz
B45: etc.) jeder einzelnen Fachkraft, die an den Landkreis OPR zurückzuerstatten sind
A46: Ø | B46: Mehrausgaben sind weder abzurechnen noch auszuweisen
A47: Ø | B47: Datum, Unterschrift und Stempel
A49: 5. Tabellenblatt: | B49: Inventarisierungsliste
A50: Ø | B50: auszufüllen, bei Anschaffungen ab einem Wert von 410,00 € netto
A51: Ø | B51: Datum, Unterschrift und Stempel
A53: 6. Tabellenblatt: | B53: Abgangsliste
A54: Ø | B54: auszufüllen, bei Anschaffungen, die durch den Landkreis OPR gefördert wurden
A55: Ø | B55: Datum, Unterschrift und Stempel

Sheet 1_Deckblatt
A1: Verwendungsnachweis für eine gewährte Zuwendung entsprechend
A2: der Richtlinie zur Jugendförderung im Landkreis Ostprignitz-Ruppin: Fördersäule I
A5: An: | B5: Landkreis Ostprignitz-Ruppin | D5: Eingang:
B6: Amt für Familie und Jugend
B7: Heinrich-Rau-Str. 27-30
B8: 16816 Neuruppin
A12: Anschrift des Zuwendungsempfangenden:
D13: Ansprechperson:
D15: Erreichbarkeit:
A20: V e r w e n d u n g s n a c h w e i s
A21: Personalkostenprogramm und Sachkostenförderung
A23: aus Mitteln des Landes Brandenburg und des Landkreises OPR
A27: Haushaltsjahr:
A29: Zuwendungsbescheid vom: | D29: AZ:
A31: Änderungsbescheid vom:
A33: Art der Finanzierung:
A35: 1. | B35: bewilligt wurden insgesamt (ohne Drittmittel) | E35: =SUM(E36:E38) -> 0
B36: a) Personalkosten: | E36: =C83+C85 -> 0
B37: b) Overheadkostenpauschale: | E37: =C88+C91 -> 0
B38: c) Sachkosten-Pauschale: | E38: =C94 -> 0
A40: 2. | B40: ausgezahlt wurden insgesamt (ohne Drittmittel) | E40: =SUM(E41:E43) -> 0
B41: a) Personalkosten: | E41: =E83+E85 -> 0
B42: b) Overheadkostenpauschale: | E42: =E88+E91 -> 0
B43: c) Sachkosten-Pauschale: | E43: =E94 -> 0
A45: 3. | B45: Rückzahlung des Zuwendungsempfangenden (ohne Drittmittel) | E45: =E202 -> 0,00 €
B46: a) Personalkosten: | E46: =IF(E195+E198>0,E195+E198,0) -> 0
B47: b) Overheadkostenpauschale: | E47: =IF(E196+E199>0,E196+E199,0) -> 0
B48: c) Sachkosten-Pauschale: | E48: =IF(E197>0,E197,0) -> 0
A50: 1. | B50: Angaben zur Personalstelle
B52: Stellenanteil: | C52: ='2_PKP'!C15+'3_sonstige'!C15 -> 0 | D52: VZE
B54: Stellenbezeichnung:
B57: Einrichtung/Ort:
B59: besetzte Zeiträume:
B62: sozialpädagogische Fachkraft (Vorname Name):
B64: wöchentliche Arbeitszeit:
B66: Krankenkasse:
B68: Vergütungsgruppe:
B69: (Tarifvertrag / Hausvertrag / Entgeltverordnung)
A72: 2. | B72: Zahlenmäßiger Nachweis
A74: 2.1. | B74: Einnahmen
A77: Einnahmeart | C77: lt. Zuwendungsbescheid | D77: % | E77: lt. Abrechnung | F77: %
C78: in € | E78: in €
A81: 2.1.1. | B81: Personalkosten | C81: =SUM(C83:C85) -> 0 | D81: - | E81: =SUM(E83:E85) -> 0 | F81: -
B83: Zuwendung des Landes / Landkreises OPR
B84: Zuwendung der Stadt/Gemeinde/des Amtes
B85: sonstige | D85: 100 | F85: 100
A88: 2.1.2. | B88: Overheadkostenpauschale - Personalkostenprogramm | C88: =(C83+C84)*D88/100 -> 0 | D88: 10 | F88: 10
A91: 2.1.3. | B91: Overheadkostenpauschale - sonstige | C91: =C85*D91/100 -> 0 | D91: 10 | F91: 10
A94: 2.1.4. | B94: Sachkostenpauschale des Landkreises OPR | D94: - | F94: -
A97: 2.1.5. | B97: Gesamteinnahmen: | C97: =C81+C88+C91+C94 -> 0 | E97: =E81+E88+E91+E94 -> 0
A99: 2.2. | B99: Ausgaben
A102: Ausgabengliederung | C102: lt. Zuwendungsbescheid | E102: lt. Abrechnung
C103: in € | E103: in €
A106: 2.2.1. | B106: Personalkosten | C106: =SUM(C107:C112) -> 0 | E106: =SUM(E107:E112) -> 0
A107: l | B107: Bruttoarbeitslohn | C107: ='2_PKP'!C26+'3_sonstige'!C26 -> 0 | E107: ='2_PKP'!E26+'3_sonstige'!E26 -> 0
A108: l | B108: Arbeitgeberanteile SV | C108: ='2_PKP'!C27+'3_sonstige'!C27 -> 0 | E108: ='2_PKP'!E27+'3_sonstige'!E27 -> 0
B109: (inkl. Umlagen: U1 + U2 + Insolvenz)
A110: l | B110: Berufsgenossenschaft | C110: ='2_PKP'!C29+'3_sonstige'!C29 -> 0 | E110: ='2_PKP'!E29+'3_sonstige'!E29 -> 0
A111: l | B111: Altersvorsorge | C111: ='2_PKP'!C30+'3_sonstige'!C30 -> 0 | E111: ='2_PKP'!E30+'3_sonstige'!E30 -> 0
A112: l | B112: Zusatzversorgungskasse | C112: ='2_PKP'!C31+'3_sonstige'!C31 -> 0 | E112: ='2_PKP'!E31+'3_sonstige'!E31 -> 0
B114: davon der Anteil aus
A115: l | B115: Landes- und Kreismitteln | C115: =C83 -> 0 | E115: ='2_PKP'!E34 -> 0
A116: l | B116: Drittmitteln (Stadt/Gemeinde/Amt) | C116: =C84 -> 0 | E116: ='2_PKP'!E35 -> 0
A117: l | B117: sonstige | C117: =C85 -> 0 | E117: ='3_sonstige'!E25 -> 0
A120: 2.2.2. | B120: Overheadkostenpauschale - Personalkostenprogramm | C120: =C88 -> 0 | E120: ='2_PKP'!E38 -> 0
A123: 2.2.3. | B123: Overheadkostenpauschale - sonstige | C123: =C91 -> 0 | E123: ='3_sonstige'!E34 -> 0
A126: 2.2.4. | B126: Sachkostenpauschale des Landkreises OPR * | C126: ='2_PKP'!C41 -> 0 | E126: ='2_PKP'!E41 -> 0
A129: 2.2.5. | B129: Gesamtausgaben: | C129: =C106+C120+C123+C126 -> 0 | E129: =E106+E120+E123+E126 -> 0
A132: * Die Abrechnung der Sachkostenpauschale erfolgt ausschließlich für Anwesenheitszeiten. Bei zeitweiser Nichtbesetzung entstehen Minder-
A133: ausgaben, die an den Landkreis OPR zurückgezahlt werden müssen. Mehrausgaben sind nicht auszuweisen.
A139: Hinweis: Bitte weiter nach unten scrollen.
A149: 3. | B149: IST - Ergebnis
C152: lt. Zuwendungsbescheid | E152: lt. Abrechnung
C153: zuwendungsfähig | E153: IST - Ergebnis
C154: in € | E154: in €
A157: 3.1. | B157: Gesamteinnahmen | C157: =C158+C162+C165 -> 0 | E157: =E158+E162+E165 -> 0
A158: l | B158: Personalkosten | C158: =SUM(C159:D161) -> 0 | E158: =SUM(E159:F161) -> 0
B159: a) aus Landes- / Kreismitteln | C159: =C83 -> 0 | E159: =E83 -> 0
B160: b) aus Drittmitteln | C160: =C84 -> 0 | E160: =E84 -> 0
B161: c) aus sonstige | C161: =C85 -> 0 | E161: =E85 -> 0
A162: l | B162: Overheadkostenpauschale | C162: =SUM(C163:D164) -> 0 | E162: =SUM(E163:F164) -> 0
B163: a) aus Landes- / Kreismitteln | C163: =C88 -> 0 | E163: =E88 -> 0
B164: b) aus sonstigen | C164: =C123 -> 0 | E164: =E91 -> 0
A165: l | B165: Sachkostenpauschale | C165: =C94 -> 0 | E165: =E94 -> 0
A168: 3.2. | B168: Gesamtausgaben | C168: =C169+C173+C176 -> 0 | E168: =E169+E173+E176 -> 0
A169: l | B169: Personalkosten | C169: =SUM(C170:D172) -> 0 | E169: =SUM(E170:F172) -> 0
B170: a) aus Landes- / Kreismitteln | C170: =C115 -> 0 | E170: =E115 -> 0
B171: b) aus Drittmitteln | C171: =C116 -> 0 | E171: =E116 -> 0
B172: c) aus sonstige | C172: =C117 -> 0 | E172: =E117 -> 0
A173: l | B173: Overheadkostenpauschale | C173: =SUM(C174:D175) -> 0 | E173: =SUM(E174:F175) -> 0
B174: a) aus Landes- / Kreismitteln | C174: =C120 -> 0 | E174: =E120 -> 0
B175: b) aus sonstige | C175: =C123 -> 0 | E175: =E123 -> 0
A176: l | B176: Sachkostenpauschale | C176: =C126 -> 0 | E176: =E126 -> 0
A180: 4. | B180: Minderausgaben bzw. Mehrausgaben (-) [Mehrausgaben gehen zu Lasten des Zuwendungsempfangenden (ZE)
A183: 4.1. | B183: Minderausgaben / Mehrausgaben (-)
A184: l | B184: Personalkosten
B185: a) aus Landes- / Kreismitteln | E185: ='2_PKP'!E90 -> 0 | F185: =IF(E185<0,"Mehrausgaben","")
B186: b) aus Drittmitteln | C186: Die Pflicht zur Rückzahlung der unverbrauchten Mittel liegt vollumfänglich beim Zuwendungsempfangenden. Die Erstattung hat direkt an den Drittmittelgebenden zu erfolgen. | E186: ='2_PKP'!E91 -> 0 | F186: =IF(E186<0,"Mehrausgaben","")
B187: c) aus sonstige | E187: ='3_sonstige'!E85 -> 0 | F187: =IF(E187<0,"Mehrausgaben","")
A188: l | B188: Overheadkostenpauschale | E188: =SUM(E189:F190) -> 0 | F188: =IF(E188<0,"Mehrausgaben","")
...

Sheet 2_PKP
A1: Verwendungsnachweis für eine gewährte Zuwendung entsprechend
A2: der Richtlinie zur Jugendförderung im Landkreis Ostprignitz-Ruppin: Fördersäule I
A6: Personalkostenprogramm (PKP) | F6: Seite 1
B9: ='1_Deckblatt'!A27 -> Haushaltsjahr: | C9: ='1_Deckblatt'!C27 -> 0
B11: ='1_Deckblatt'!D29 -> AZ: | C11: ='1_Deckblatt'!E29 -> 0
B13: ='1_Deckblatt'!B62 -> sozialpädagogische Fachkraft (Vorname Name):
B15: Stellenanteil: | D15: VZE
A18: 2.2. | B18: Ausgaben
A21: Ausgabengliederung | C21: lt. Zuwendungsbescheid | D21: % | E21: lt. Abrechnung | F21: %
C22: in € | E22: in €
A25: 2.2.1. | B25: Personalkosten | C25: =SUM(C26:C31) -> 0 | D25: =D34+D35 -> 0 | E25: =SUM(E26:E31) -> 0 | F25: =D25 -> 0
A26: l | B26: Bruttoarbeitslohn
A27: l | B27: Arbeitgeberanteile SV
B28: (inkl. Umlagen: U1 + U2 + Insolvenz)
A29: l | B29: Berufsgenossenschaft
A30: l | B30: Altersvorsorge
A31: l | B31: Zusatzversorgungskasse
B33: davon der Anteil aus
A34: l | B34: Landes- und Kreismitteln | C34: ='1_Deckblatt'!C83 -> 0 | D34: ='1_Deckblatt'!D83 -> 0 | E34: =E25*F34/100 -> 0 | F34: =D34 -> 0
A35: l | B35: Drittmitteln (Stadt/Gemeinde/Amt) | C35: ='1_Deckblatt'!C84 -> 0 | D35: ='1_Deckblatt'!D84 -> 0 | E35: =E25*F35/100 -> 0 | F35: =D35 -> 0
A38: 2.2.2. | B38: Overheadkostenpauschale - Personalkostenprogramm | C38: =C25*D38/D25 -> #DIV/0! | D38: ='1_Deckblatt'!D88 -> 10 | E38: =E25*F38/100 -> 0 | F38: =D38 -> 10
A41: 2.2.4. | B41: Sachkostenpauschale des Landkreises OPR * | D41: ='1_Deckblatt'!D94 -> - | F41: =D41 -> -
A44: 2.2.5. | B44: Gesamtausgaben - PKP: | C44: =C25+C38+C41 -> #DIV/0! | E44: =E25+E38+E41 -> 0
A47: * Die Abrechnung der Sachkostenpauschale erfolgt ausschließlich für Anwesenheitszeiten. Bei zeitweiser Nichtbesetzung entstehen Minder-
A48: ausgaben, die an den Landkreis OPR zurückgezahlt werden müssen. Mehrausgaben sind nicht auszuweisen.
A52: Verwendungsnachweis für eine gewährte Zuwendung entsprechend
A53: der Richtlinie zur Jugendförderung im Landkreis Ostprignitz-Ruppin: Fördersäule I
A57: Personalkostenprogramm (PKP) | F57: Seite 2
A61: 3. | B61: IST - Ergebnis
C64: lt. Zuwendungsbescheid | E64: lt. Abrechnung
C65: zuwendungsfähig | E65: IST - Ergebnis
C66: in € | E66: in €
A69: 3.1. | B69: Gesamteinnahmen - PKP | C69: =SUM(C70:D73) -> 0 | E69: =SUM(E70:F73) -> 0
A70: l | B70: Personalkosten | C70: ='1_Deckblatt'!C83 -> 0 | E70: ='1_Deckblatt'!E83 -> 0
A71: l | B71: Personalkosten - Drittmittel | C71: ='1_Deckblatt'!C84 -> 0 | E71: ='1_Deckblatt'!E84 -> 0
A72: l | B72: Overheadkostenpauschale | C72: ='1_Deckblatt'!C88 -> 0 | E72: ='1_Deckblatt'!E88 -> 0
A73: l | B73: Sachkostenpauschale | C73: =C41 -> 0 | E73: =C41 -> 0
A76: 3.2. | B76: Gesamtausgaben - PKP | C76: =SUM(C77:D80) -> #DIV/0! | E76: =SUM(E77:F80) -> 0
A77: l | B77: Personalkosten | C77: =C34 -> 0 | E77: =E34 -> 0
A78: l | B78: Personalkosten - Drittmittel | C78: =C35 -> 0 | E78: =E35 -> 0
A79: l | B79: Overheadkostenpauschale | C79: =C38 -> #DIV/0! | E79: =E38 -> 0
A80: l | B80: Sachkostenpauschale | C80: =C41 -> 0 | E80: =E41 -> 0
A85: 4. | B85: Minderausgaben bzw. Mehrausgaben (-) [Mehrausgaben gehen zu Lasten des Zuwendungsempfangenden (ZE)
A88: 4.1. | B88: Minderausgaben / Mehrausgaben (-)
A89: l | B89: Personalkosten
B90: a) aus Landes- / Kreismitteln | E90: =E70-E77 -> 0 | F90: =IF(E90<0,"Mehrausgaben","")
B91: b) aus Drittmitteln | C91: Die Pflicht zur Rückzahlung der unverbrauchten Mittel liegt vollumfänglich beim Zuwendungsempfangenden. Die Erstattung hat direkt an den Drittmittelgebenden zu erfolgen. | E91: =E71-E78 -> 0 | F91: =IF(E91<0,"Mehrausgaben","")
A92: l | B92: Overheadkostenpauschale | E92: =E72-E79 -> 0 | F92: =IF(E92<0,"Mehrausgaben","")
A93: l | B93: Sachkostenpauschale | E93: =E73-E80 -> 0 | F93: =IF(E93<0,"Mehrausgaben","")
D96: =IF(E96>0,"Minderausgaben:","Mehrausgaben:") -> Mehrausgaben: | E96: =E90+E92+E93 -> 0
A100: Datum, Unterschrift und Stempel

Sheet 3_sonstige
A1: Verwendungsnachweis für eine gewährte Zuwendung entsprechend
A2: der Richtlinie zur Jugendförderung im Landkreis Ostprignitz-Ruppin: Fördersäule I
A6: sonstige | F6: Seite 1
B9: ='1_Deckblatt'!A27 -> Haushaltsjahr: | C9: ='1_Deckblatt'!C27 -> 0
B11: ='1_Deckblatt'!D29 -> AZ: | C11: ='1_Deckblatt'!E29 -> 0
B13: ='1_Deckblatt'!B62 -> sozialpädagogische Fachkraft (Vorname Name):
B15: Stellenanteil: | D15: VZE
A18: 2.2. | B18: Ausgaben
A21: Ausgabengliederung | C21: lt. Zuwendungsbescheid | D21: % | E21: lt. Abrechnung | F21: %
C22: in € | E22: in €
A25: 2.2.1. | B25: Personalkosten | C25: =SUM(C26:C31) -> 0 | D25: ='1_Deckblatt'!D85 -> 100 | E25: =SUM(E26:E31) -> 0 | F25: =D25 -> 100
A26: l | B26: Bruttoarbeitslohn
A27: l | B27: Arbeitgeberanteile SV
B28: (inkl. Umlagen: U1 + U2 + Insolvenz)
A29: l | B29: Berufsgenossenschaft
A30: l | B30: Altersvorsorge
A31: l | B31: Zusatzversorgungskasse
A34: 2.2.3. | B34: Overheadkostenpauschale - sonstige | C34: =C25*D34/D25 -> 0 | D34: ='1_Deckblatt'!D91 -> 10 | E34: =E25*F34/F25 -> 0 | F34: =D34 -> 10
A37: 2.2.5. | B37: Gesamtausgaben - sonstige: | C37: =C25+C34 -> 0 | E37: =E25+E34 -> 0
A52: Verwendungsnachweis für eine gewährte Zuwendung entsprechend
A53: der Richtlinie zur Jugendförderung im Landkreis Ostprignitz-Ruppin: Fördersäule I
A57: sonstige | F57: Seite 2
A61: 3. | B61: IST - Ergebnis
C64: lt. Zuwendungsbescheid | E64: lt. Abrechnung
C65: zuwendungsfähig | E65: IST - Ergebnis
C66: in € | E66: in €
A69: 3.1. | B69: Gesamteinnahmen - sonstige | C69: =SUM(C70:D71) -> 0 | E69: =SUM(E70:F71) -> 0
A70: l | B70: Personalkosten | C70: ='1_Deckblatt'!C85 -> 0 | E70: ='1_Deckblatt'!E85 -> 0
A71: l | B71: Overheadkostenpauschale | C71: ='1_Deckblatt'!C91 -> 0 | E71: ='1_Deckblatt'!E91 -> 0
A74: 3.2. | B74: Gesamtausgaben - sonstige | C74: =SUM(C75:D76) -> 0 | E74: =SUM(E75:F76) -> 0
A75: l | B75: Personalkosten | C75: =C25 -> 0 | E75: =E25 -> 0
A76: l | B76: Overheadkostenpauschale | C76: =C34 -> 0 | E76: =E34 -> 0
A81: 4. | B81: Minderausgaben bzw. Mehrausgaben (-) [Mehrausgaben gehen zu Lasten des Zuwendungsempfangenden
A84: 4.1. | B84: Minderausgaben / Mehrausgaben (-)
A85: l | B85: Personalkosten | E85: =E70-E75 -> 0 | F85: =IF(E85<0,"Mehrausgaben","")
A86: l | B86: Overheadkostenpauschale | E86: =E71-E76 -> 0 | F86: =IF(E86<0,"Mehrausgaben","")
D89: =IF(E89>0,"Minderausgaben:","Mehrausgaben:") -> Mehrausgaben: | E89: =SUM(E85:E88) -> 0
A93: Datum, Unterschrift und Stempel

Sheet 4_Sachkosten
A1: Verwendungsnachweis für eine gewährte Zuwendung entsprechend
A2: der Richtlinie zur Jugendförderung im Landkreis Ostprignitz-Ruppin: Fördersäule I
A6: Sachkostenpauschale
A8: Je Fachkraft ist jeweils eine Liste auszufüllen.
A11: Fachkraft: | E11: Zeitraum:
B12: (Vor- und Nachname)
A14: Stellenanteil: | C14: VZE | E14: Sachkostenpauschale:
A17: Monat | B17: Anwesenheit | D17: Abwesenheit | F17: abrechenbarer
D18: Bei vorübergehender Nichtbesetzung der Stelle (z.B. Lang- | F18: Anteil der
D19: zeitkrankheit über 6 Wochen mit Verlauf, Mutterschutz, Eltern- | F19: SK-Pauschale
D20: Elternzeit etc.) mindert sich das Budget um 1/12 für jeden nicht
D21: besetzten Monat. Bis bzw. ab dem 15. eines Monats erfolgt die
D22: Berücksichtigung als voller Monat.
B23: ja | C23: nein | D23: Grund | E23: Zeit
A25: Januar
A26: Februar
A27: März
A28: April
A29: Mai
A30: Juni
A31: Juli
A32: August
A33: September
A34: Oktober
A35: November
A36: Dezember
B37: =COUNTIF(B25:B36,"ja")+COUNTIF(B25:B36,"x") -> 0 | C37: =COUNTIF(C25:C36,"nein")+COUNTIF(C25:C36,"x") -> 0 | F37: =SUM(F25:F36) -> 0
A39: Sachkostenpauschale: | C39: =F14 -> 0
A40: abz. abr. SK-Pauschale: | C40: =-F37 -> 0
A41: =IF(C41>0,"Minderausgaben:","Mehrausgaben:") -> Mehrausgaben: | C41: =SUM(C39:C40) -> 0 | D41: =IF(C41<0,"gehen zu Lasten des Zuwendungsempfangenden","")
A45: Datum, Unterschrift und Stempel

Sheet 5_Inventar
A1: Verwendungsnachweis für eine gewährte Zuwendung entsprechend
A2: der Richtlinie zur Jugendförderung im Landkreis Ostprignitz-Ruppin: Fördersäule I
A6: Inventarisierungsliste
A8: Angabe aller angeschafften Gegenstände ab einem Anschaffungswert von 410,00 € netto.
A10: Zuwendungsempfangende:
A13: Aktenzeichen | B13: Anschaffungs- | C13: Anschaffungsgegenstand | D13: Anschaffungsgrund | E13: für wen angeschafft | F13: Nettopreis | G13: Bruttopreis | H13: Standort des
B14: datum | F14: (ohne Mwst.) | G14: (mit Mwst.) | H14: inventarisierten
H15: Gegenstandes
A31: Datum, Unterschrift und Stempel

Sheet 6_Abgang
A1: Verwendungsnachweis für eine gewährte Zuwendung entsprechend
A2: der Richtlinie zur Jugendförderung im Landkreis Ostprignitz-Ruppin: Fördersäule I
A6: Abgangsliste
A8: Träger:
A11: Anschaffungs- | B11: Bezeichnung | C11: Abgangs- | D11: Grund | E11: ehemaliger Standort
A12: jahr | C12: datum | D12: des Abganges
A28: Datum, Unterschrift und Stempel
